 Dungeon Sprint DCSS version 0.29.1-12-g30fa7ad0bf (webtiles) character file.

Game seed: 3854475943274197918

518 Groucho the Unseen (level 7, -3/32 HPs)
             Began as a Spriggan Enchanter on Dec 28, 2022.
             Slain by Menkaure (20 damage)
             ... in the Dungeon (Sprint II: "The Violet Keep of Menkaure").
             The game lasted 00:00:59 (126 turns).

Groucho the Unseen (Spriggan Enchanter)              Turns: 126, Time: 00:01:00

Health: -3/32      AC:  2    Str:  5 (6)  XL:     7   Next: 1%
Magic:  20/20      EV: 17    Int: 16 (17) God:
Gold:   243        SH:  0    Dex: 15      Spells: 23/23 levels left

rFire   . . .      SeeInvis +   a - +1 dagger
rCold   . . .      Faith    .   (no shield)
rNeg    . . .      Spirit   .   b - +0 robe
rPois   .          Reflect  .   (helmet restricted)
rElec   .          Harm     .   (no cloak)
rCorr   .          Rampage  .   (gloves unavailable)
Will    +....      NoTele   +   (boots unavailable)
Stlth   ++++++....              (no amulet)
HPRegen 0.10/turn               (no ring)
MPRegen 0.17/turn               (no ring)

@: very quick
A: very small, no large weapons, unfitting armour, see invisible, speed 3,
deterioration 1, no potion heal 1, MP-powered wands
a: no special abilities


You were in the Dungeon.
You visited 1 branch You collected 243 gold pieces.

Inventory:

Hand Weapons
 a - a +1 dagger (weapon)
Armour
 b - a +0 robe (worn)
Scrolls
 i - a scroll of blinking
Potions
 c - a potion of invisibility
 d - a potion of curing
 e - a potion of heal wounds
 g - 2 potions of magic


   Skills:
 + Level 7.3 Short Blades
 - Level 2.6 Dodging
 * Level 15.0 Stealth
 + Level 8.5 Spellcasting
 + Level 8.9 Hexes


You had 23 spell levels left.
You didn't know any spells.
Your spell library contained the following spells:

 Spells                   Type           Power      Damage    Failure   Level
 Confusing Touch          Hex            35%        N/A       1%          3
 Tukima's Dance           Hex            35%        N/A       1%          3
 Ensorcelled Hibernation  Hex/Ice        42%        N/A       2%          2
 Dazzling Flash           Conj/Hex       42%        N/A       5%          3


Dungeon Overview and Level Annotations

Branches:
Dungeon (1/1)

Altars:

Annotations:
D Menkaure


Innate Abilities, Weirdness & Mutations

You are very small and have problems with some larger weapons.
You are too small for most types of armour.
You have supernaturally acute eyesight. (SInv)
You cover ground extremely quickly. (Speed+++)
Your body sometimes deteriorates upon taking damage.
Potions are less effective at restoring your health.
You expend magic power (3 MP) to strengthen your wands.


Message History

You start resting.
You are no longer berserk.
You are exhausted.
You feel yourself slow down.
You start resting.
Your extra speed is starting to run out.
You start resting.
You feel yourself slow down.
You start resting.
You feel yourself speed up.
You start resting.
You recover from your berserk rage.
You start resting.
Menkaure, Prince of Dust comes into view.
Menkaure is nearby!
Menkaure is nearby!
Menkaure shouts!
You hit Menkaure.
Menkaure is almost destroyed.
Menkaure draws the symbol "Udjat" in the dust.
Menkaure hits you!
Your body deteriorates!
You feel weakened.
You barely miss Menkaure.
Menkaure is almost destroyed.
Menkaure points at you and mumbles some strange words.
Pain shoots through your body!
Your body deteriorates!
You feel dopey.
You hit Menkaure but do no damage.
Menkaure is almost destroyed.
You barely miss Menkaure.
Menkaure is almost destroyed.
Menkaure points at you and mumbles some strange words.
You resist with significant effort.
You hit Menkaure but do no damage.
Menkaure is almost destroyed.
You barely miss Menkaure.
Menkaure is almost destroyed.
Menkaure hits you!!
Ouch! That really hurt!
You die...

## ## l# #.
# .#l ## ##.
#+###M#
#.B$##.##@#
#+.<.'$#
#.B.##.##..#
##. ##'###.#
# ##..#####
#††##.#
##.#.# ##+##
#~~~~~~~~~§§


You could see Menkaure.

Vanquished Creatures
  4 neqoxecs (D)
  3 worms (D)
7 creatures vanquished.

Notes
Turn   | Place    | Note
-------+----------+-------------------------------------------
     0 | D        | Groucho the Spriggan Enchanter began the quest for the Orb.
     0 | D        | Reached XP level 1. HP: 9/9 MP: 5/5
     3 | D        | Noticed a boulder beetle
     3 | D        | Noticed a boulder beetle
     6 | D        | Noticed a wyvern
     6 | D        | Noticed a wyvern
     9 | D        | Noticed a neqoxec
     9 | D        | Noticed a neqoxec
     9 | D        | Noticed a neqoxec
     9 | D        | Noticed a neqoxec
    16 | D        | Reached skill level 5 in Stealth
    27 | D        | Noticed a lava snake
    27 | D        | Noticed a lava snake
    30 | D        | Reached skill level 6 in Stealth
    30 | D        | Reached XP level 2. HP: 13/13 MP: 5/7
    38 | D        | Gained mutation: You expend magic power (3 MP) to
                  | strengthen your wands. [a neqoxec]
    41 | D        | Killed a neqoxec
    42 | D        | Reached skill level 10 in Stealth
    42 | D        | Reached skill level 5 in Spellcasting
    42 | D        | Reached XP level 3. HP: 16/16 MP: 6/11
    42 | D        | Reached XP level 4. HP: 21/21 MP: 6/12
    45 | D        | Killed a neqoxec
    46 | D        | Reached skill level 12 in Stealth
    46 | D        | Reached XP level 5. HP: 24/24 MP: 6/15
    47 | D        | Gained mutation: Your body sometimes deteriorates upon
                  | taking damage. [a neqoxec]
    52 | D        | Killed a neqoxec
    53 | D        | Reached skill level 14 in Stealth
    53 | D        | Reached XP level 6. HP: 28/28 MP: 7/18
    58 | D        | Gained mutation: Potions are less effective at restoring
                  | your health. [a neqoxec]
    62 | D        | Killed a neqoxec
    63 | D        | Reached skill level 15 in Stealth
    63 | D        | Reached XP level 7. HP: 32/32 MP: 8/20
   119 | D        | Noticed Menkaure
   126 | D        | Slain by Menkaure

Illustrated notes

Levels and vault maps discovered:
D:        the_violet_keep_of_menkaure [sprint2_stairs_cluster_1,
          sprint2_shoproom, sprint2_temple, sprint2_basic_supplies,
          sprint2_obstacle_5, sprint2_obstacle_7, sprint2_obstacle_6,
          sprint2_obstacle_1, sprint2_obstacle_4, sprint2_timed_cluster_1,
          sprint2_smallroom_cluster_1, sprint2_smallroom_final_cluster_1,
          sprint2_transparent_cluster_1, sprint2_second_timed_cluster_1,
          sprint2_sniper_area_1, sprint2_heavy_combat_area_1,
          sprint2_mutation_trap_area_1, sprint2_forest_area_1,
          sprint2_light_combat_area_1, sprint2_behind_water_1,
          sprint2_near_end_vault_1]

Skill      XL: |  1  2  3  4  5  6 |
---------------+-------------------+-----
Stealth        | 6 10 12 14 15 | 15.0
Spellcasting   | 3 5 7 8 |  8.5
Hexes          | 4 6 7 8 |  8.9
Short Blades   | 2 4 6 7 |  7.3
Dodging        | |  2.6

Action                   |  1- 3 |  4- 6 |  7- 9 || total
-------------------------+-------+-------+-------++-------
Melee: Dagger            |     5 |    20 |     6 ||    31
  Use: Potion            |     3 |       |       ||     3
 Stab: Sleeping          |     3 |       |       ||     3
       Invisible         |     2 |     2 |       ||     4
Dodge: Dodged            |       |     4 |       ||     4
